 Dungeon Crawl Stone Soup version 0.29-a0-284-gf9362112df (webtiles) character file.

Game seed: 13145259075476900591

62 Pooter the Skirmisher (level 3, -3/33 HPs)
             Began as a Minotaur Fighter on Mar 27, 2022.
             Slain by an iguana (11 damage)
             ... on level 3 of the Dungeon.
             The game lasted 00:07:00 (1726 turns).

Pooter the Skirmisher (Minotaur Fighter)            Turns: 1726, Time: 00:07:01

Health: -3/33      AC: 10    Str: 22    XL:     3   Next: 85%
Magic:  2/2        EV:  7    Int:  5    God:
Gold:   75         SH:  4    Dex:  9    Spells: 2/2 levels left

rFire   . . .      SeeInvis .   p - +1 long sword (flame)
rCold   . . .      Faith    .   c - +0 buckler
rNeg    . . .      Spirit   .   j - +0 chain mail
rPois   .          Reflect  .   (helmet restricted)
rElec   .          Harm     .   n - +0 cloak
rCorr   .          Rampage  .   (no gloves)
Will    .....                   (no boots)
Stlth   ..........              (no amulet)
HPRegen 0.11/turn               (no ring)
MPRegen 0.08/turn               (no ring)

@: no status effects
A: horns 2, retaliatory headbutt
a: no special abilities


You were on level 3 of the Dungeon.
You visited 1 branch of the dungeon, and saw 3 of its levels.

You collected 75 gold pieces.

Inventory:

Hand Weapons
 a - a +1 war axe
 p - a +1 long sword of flaming (weapon)
   (You found it on level 1 of the Dungeon)
Missiles
 g - 3 boomerangs
 k - 8 poisoned darts
 Q - 79 stones (quivered)
Armour
 c - a +0 buckler (worn)
 j - a +0 chain mail (worn)
   (You found it on level 1 of the Dungeon)
 n - a +0 cloak (worn)
   (You found it on level 2 of the Dungeon)
Scrolls
 f - 2 scrolls of magic mapping
 l - a scroll of holy word {unknown}
 o - a scroll of enchant weapon
 q - a scroll of fear
 s - a scroll of blinking {unknown}
 t - a scroll of teleportation {@r4}
Potions
 b - 2 potions of invisibility {unknown}
 d - 2 potions of might
 e - 2 potions of curing {unknown}
 h - a potion of berserk rage {unknown}
 m - a potion of haste {unknown}
 r - a potion of attraction {unknown}


   Skills:
 + Level 4.2 Fighting
 * Level 3.6 Axes
 + Level 4.1 Armour
 + Level 4.1 Shields


You had 2 spell levels left.
You didn't know any spells.
Your spell library contained the following spells:

 Spells                   Type           Power      Damage    Failure   Level
 Freeze                   Ice            0%         1d3       99%         1
 Sting                    Tmut/Pois      0%         1d3       99%         1
 Blink                    Tloc           0%         N/A       100%        2
 Frozen Ramparts          Ice            0%         1d2       100%        3
 Lesser Beckoning         Tloc           0%         N/A       100%        3
 Hailstorm                Conj/Ice       0%         3d3       100%        4
 Manifold Assault         Tloc           0%         N/A       100%        5


Dungeon Overview and Level Annotations

Branches:
Dungeon (3/15)

Altars:
Sif Muna


Innate Abilities, Weirdness & Mutations

You have a pair of horns on your head.
You reflexively headbutt those who attack you in melee.


Message History

You feel sick.
You are no longer poisoned.
No target in view!
You see here an adder corpse.
Found a stone staircase leading down.
You now have 68 gold pieces (gained 5).
You see here an adder corpse.
An endoplasm comes into view.
Found 7 gold pieces.
The endoplasm quivers.
No target in view!
The endoplasm hits you but does no damage.
You hit the endoplasm. You burn the endoplasm. The endoplasm freezes you.
You are frozen.
The endoplasm completely misses you.
You slash the endoplasm! You burn the endoplasm.
You kill the endoplasm!
Q - 79 stones (gained 13)
You now have 75 gold pieces (gained 7).
A rat comes into view.
There is a stone staircase leading down here.
The rat completely misses you.
You slash the rat! You burn the rat.
You kill the rat!
You see here a rat corpse.
An iguana comes into view.
The iguana hisses angrily.
The iguana bites you!
You barely miss the iguana. You block the iguana's attack.
You hit the iguana. You burn the iguana. Your headbutt misses the iguana.
The iguana bites you. The iguana bites you!
* * * LOW HITPOINT WARNING * * *
You are too injured to fight recklessly!
You are too injured to fight recklessly!
You are too injured to fight recklessly!
You hit the iguana. You burn the iguana.
You headbutt the iguana, but do no damage.
The iguana bites you.
* * * LOW HITPOINT WARNING * * *
You hit the iguana but do no damage. You block the iguana's attack.
The iguana barely misses you.
You completely miss the iguana. The iguana completely misses you.
Unknown command.
You barely miss the iguana. The iguana bites you.
* * * LOW HITPOINT WARNING * * *
The iguana bites you but does no damage.
You hit the iguana. You burn the iguana. The iguana barely misses you.
Unknown command.
You barely miss the iguana. The iguana bites you!
You die...

...########..#
....### #†.#
........#####..#
.#.>..##........#
#..####..#
#.###..####..#
...........#
#####..####.##
......l@....#
#####...#####
#...# #.### #. #.
#


You could see an iguana.

Vanquished Creatures
  An adder (D:3)
  2 dart slugs
  4 endoplasms
  3 giant cockroaches
  7 goblins
  A hobgoblin (D:1)
  4 jackals (D:1)
  4 kobolds
  A quokka (D:2)
  5 ball pythons (D:1)
  5 bats
  3 frilled lizards
  4 rats
44 creatures vanquished.

Notes
Turn   | Place    | Note
-------+----------+-------------------------------------------
     0 | D:1      | Pooter the Minotaur Fighter began the quest for the Orb.
     0 | D:1      | Reached XP level 1. HP: 19/19 MP: 0/0
   212 | D:1      | Reached XP level 2. HP: 24/27 MP: 1/1
   653 | D:1      | Found a faded altar of an unknown god.
   679 | D:1      | Got Plato's Handbook of Transmigration
   777 | D:1      | Reached XP level 3. HP: 33/33 MP: 2/2
  1198 | D:2      | Found a shimmering blue altar of Sif Muna.
  1726 | D:3      | Slain by an iguana

Illustrated notes

Levels and vault maps discovered:
D:1:      kennysheep_arrival_forest, layout_basic,
          shapermc_ecumenical_altar_rom_forum, minmay_pentomino_o2
D:2:      layout_rooms, basic_altar
D:3:      layout_loops_ring, uniq_terence

Skill      XL: |  1  2  3 |
---------------+----------+-----
Axes           | 3 |  3.6
Fighting       | 4 |  4.2
Armour         | 4 |  4.1
Shields        | 4 |  4.1

Action                   || total
-------------------------++-------
Melee: Long sword        ||    99
       Headbutt          ||     8
  Use: Scroll            ||     4
Armor: Chain mail        ||    60
       Scale mail        ||     2
Dodge: Dodged            ||    36
Block: Buckler           ||    16

Table legend: (Time is in decaauts)
 A = Elapsed time spent in this place.
 B = Non-inter-level travel time spent in this place.
 C = Inter-level travel time spent in this place.
 D = Time resting spent in this place.
 E = Time spent auto-exploring this place.
 F = Levels seen in this place.
 G = Mean time per level.
                   A        B        C        D        E       F      G
               +--------+--------+--------+--------+--------+-----+--------+
         Total |   1768 |   1725 |     43 |      0 |   1369 |   3 |  589.3 |
       Dungeon |   1768 |   1725 |     43 |      0 |   1369 |   3 |  589.3 |
               +--------+--------+--------+--------+--------+-----+--------+

Top non-repeatable levels by time:
     D:1: 922 daAuts
     D:2: 470 daAuts
     D:3: 375 daAuts
